 Dungeon Crawl Stone Soup version 0.27.0-1-g7a089689b8 (webtiles) character file.

Game seed: 3925402044211974336

72559 Froggeryz the Unseen (level 15, -13/154 HPs)
             Began as an Octopode Berserker on Aug 8, 2021.
             Was a High Priest of Trog.
             Mangled by an ogre (23 damage)
             ... on level 1 of the Orcish Mines.
             The game lasted 00:36:05 (26617 turns).

Froggeryz the Unseen (Octopode Berserker)          Turns: 26617, Time: 00:36:06

Health: -13/154    AC:  9    Str: 17    XL:     15   Next: 40%
Magic:  15/15      EV: 25    Int:  9    God:    Trog [*****.]
Gold:   1767       SH:  7    Dex: 16    Spells: 14/14 levels left

rFire    + + .     SeeInvis +   A - +1 dagger (venom)
rCold    . . .     Faith    .   u - +0 buckler
rNeg     . . .     Spirit   .   (helmet restricted)
rPois    +         Reflect  .   (no amulet)
rElec    .         Harm     .   d - ring of Laizaf {rPois AC+4 Dex-2 SInv}
rCorr    .         Rampage  .   m - +4 ring of protection
Will     +....                  E - +4 ring of evasion
Stlth    ..........             G - ring of protection from fire
HPRegen  0.35/turn              y - +4 ring of slaying
MPRegen  0.14/turn              O - ring of protection from fire
                                (no ring)
                                (no ring)

@: berserking, very quick
A: almost no armour, amphibious, 8 rings, camouflage 1, gelatinous body 1,
(nimble swimmer 1), tentacles
a: Renounce Religion, Berserk, Trog's Hand, Brothers in Arms


You were on level 1 of the Orcish Mines.
You worshipped Trog.
Trog was extremely pleased with you.
You visited 3 branches of the dungeon, and saw 18 of its levels.
You also visited: Sewer.

You collected 1829 gold pieces.
You spent 62 gold pieces at shops.

Inventory:

Hand Weapons
 c - a +3 vampiric short sword
 A - a +1 dagger of venom (weapon)
Missiles
 j - a throwing net (quivered)
 w - 4 curare-tipped darts
Armour
 u - a +0 buckler (worn)
Jewellery
 d - the ring of Laizaf (left tentacle) {rPois AC+4 Dex-2 SInv}
   (You acquired it on level 4 of the Dungeon)

   [ring of protection]

   AC:        It affects your AC (+4).
   Dex:       It affects your dexterity (-2).
   rPois:     It protects you from poison.
   SInv:      It lets you see invisible.
 m - a +4 ring of protection (right tentacle)
 y - a +4 ring of slaying (on tentacle)
 C - the ring of Faicowodu {Ice +Blink}
   (You found it on level 5 of the Lair of Beasts)

   [ring of ice]

   It enhances your ice magic.
   rF:        It makes you vulnerable to fire.
   rC:        It protects you from cold.
   +Blink:    It lets you blink.
 E - a +4 ring of evasion (on tentacle)
 G - a ring of protection from fire (on tentacle)
 O - a ring of protection from fire (on tentacle)
Wands
 n - a wand of iceblast (10)
 o - a wand of flame (8)
 v - a wand of polymorph (21)
 D - a wand of charming (9)
 F - a wand of paralysis (19)
Scrolls
 b - 2 scrolls of blinking
 g - 5 scrolls of teleportation
 h - 3 scrolls of enchant weapon
 q - a scroll of enchant armour
 s - 3 scrolls of fog
 t - a scroll of magic mapping
 K - 2 scrolls of brand weapon
Potions
 a - 4 potions of might {unknown}
 e - 3 potions of curing {unknown}
 f - 9 potions of haste
 i - 2 potions of heal wounds
 p - 8 potions of ambrosia
 r - 4 potions of mutation
 x - 3 potions of berserk rage {unknown}
 z - 2 potions of invisibility {unknown}
 I - 2 potions of flight
 J - 2 potions of cancellation
 L - 2 potions of resistance
 N - a potion of degeneration {unknown}
Miscellaneous
 B - a phial of floods
 H - a condenser vane


   Skills:
 - Level 10.2 Fighting
 - Level 10.1 Short Blades
 - Level 6.4 Throwing
 - Level 14.0 Dodging
 - Level 16.2 Stealth
 + Level 11.5 Shields
 - Level 6.2 Evocations


You had 14 spell levels left.
You didn't know any spells.
Your spell library was empty.

Dungeon Overview and Level Annotations

Branches:
Dungeon (10/15)            Temple (0/1) D:5            Lair (6/6) D:8
  Swamp (0/4) Lair:3        Snake (0/4) Lair:2        Slime (0/5) Lair:5
    Orc (2/2) D:9           Sewer (visited)
    Elf: Orc:2

Altars:
Ashenzari
Cheibriados
Gozag
Hepliaklqana
Makhleb
Nemelex Xobeh
Qazlal
Ru
Trog
Uskayaw
Vehumet
Yredelemnul
Zin
Beogh
Lugonu

Shops:
D:5 *   D:6 (   D:7 **   Orc:2 =?

Portals:
Abyss: Lair:6


Innate Abilities, Weirdness & Mutations

You cannot wear most types of armour.
You are amphibious.
You can wear up to eight rings at the same time.
Your skin changes colour to match your surroundings (Stealth+).
Your rubbery body absorbs attacks. (AC +1, EV +1)
((You are camouflaged near water. (Stealth+)))
You have tentacles for arms and can constrict up to eight enemies at once.


Message History

You hit the two-headed ogre.
The two-headed ogre is poisoned.
You squeeze the two-headed ogre!
The two-headed ogre is moderately wounded.
The ogre completely misses you. The two-headed ogre barely misses you.
The two-headed ogre completely misses you.
You puncture the two-headed ogre!
The two-headed ogre looks as sick as possible!
The two-headed ogre is severely wounded.
You block the two-headed ogre's attack. The two-headed ogre misses you.
The two-headed ogre hits you with a +0 giant club!
* * * LOW HITPOINT WARNING * * *
You block the two-headed ogre's attack. The orc hits you with a +0 flail.
* * * LOW HITPOINT WARNING * * *
You puncture the two-headed ogre!
The two-headed ogre looks as sick as possible!
The two-headed ogre is almost dead.
You block the ogre's attack.
You puncture the two-headed ogre!
You feel the power of Trog in you as your rage grows.
You kill the two-headed ogre!
Trog accepts your kill. You block the ogre's attack.
The two-headed ogre closely misses you. You block the two-headed ogre's attack.
You puncture the two-headed ogre!
The two-headed ogre is poisoned.
The two-headed ogre is lightly wounded.
The orc completely misses you.
You hit the two-headed ogre.
The two-headed ogre looks as sick as possible!
You squeeze the two-headed ogre!
The two-headed ogre is heavily wounded.
The two-headed ogre closely misses you.
The two-headed ogre completely misses you.
You barely miss the two-headed ogre.
The two-headed ogre is heavily wounded.
The ogre hits you with a +0 giant club!
* * * LOW HITPOINT WARNING * * *
You barely miss the two-headed ogre.
The two-headed ogre is heavily wounded.
The ogre hits you with a +0 giant spiked club!!
You die...

..........#.[#)..........####.###
............[.[...........##.....
#..#.#......[[...........####....
#####.................#...#.#.#..
#####.#..........#..###.#.......
##.#..#......<........####.......
..................#..#..#........
........#......O[#..#............
..##...####....O@)...#...........
...#..## ##....oOO...............
#.#...####..........))...........
####.###........[).)..)..........
####...........).............)
###...#......................)
##.##.##.........#....).....#..
#..............................
##.##.##..............#........


You could see 2 two-headed ogres, 2 ogres and an orc.

Vanquished Creatures
  Kirke (Lair:5)
  The ghost of Riymurr the Phalangite, a journeyman MfMo of Hepliaklqana (Lair:5)
  The ghost of Puepiyp the Fighter, a journeyman VSTm of Dithmenos (Lair:6)
  Erica (Lair:2)
  6 hydras
  A death knight (D:8)
  6 two-headed ogres
  11 death yaks
  3 thrashing horrors (Lair:6)
  A sixfirhy (D:9)
  A harpy (shapeshifter) (Lair:5)
  An orc sorcerer (Orc:1)
  2 ugly things
  2 cyclopes
  2 manticores (D:8)
  A moth of wrath (shapeshifter) (Lair:6)
  An ice statue (Lair:5)
  A torpor snail (Lair:6)
  A black mamba (Lair:3)
  15 cane toads
  2 smoke demons (Lair:6)
  17 elephants
  9 komodo dragons
  3 rime drakes
  2 trolls (Orc:1)
  An ancient zyme (Lair:5)
  A hornet (D:9)
  2 large abominations (Lair:6)
  2 tyrant leeches (Lair:3)
  6 polar bears
  23 blink frogs
  A queen bee (Lair:2)
  A slime creature (D:8)
  3 dream sheep
  A ynoxinul (Lair:6)
  Sigmund (D:5)
  A wyvern (shapeshifter) (Lair:6)
  A shadow (D:10)
  11 wyverns
  77 yaks
  5 basilisks
  5 hogs (Lair:5)
  A vampire mosquito (D:8)
  A human (Lair:5)
  2 steam dragons (D:7)
  A chaos spawn (Lair:6)
  2 swamp worms (Lair:3)
  17 water moccasins
  11 orc warriors
  An ice beast (shapeshifter) (D:8)
  2 sky beasts
  An ice beast (D:5)
  3 black bears
  4 ogres
  3 wolves (Lair:2)
  2 necrophages
  8 centaurs
  Blork the orc (D:5)
  3 kobold brigands
  13 bullfrogs
  2 scorpions
  A gnoll sergeant (D:5)
  A wyvern skeleton (D:7)
  6 small abominations
  35 killer bees
  4 wights
  An electric eel (Lair:4)
  3 centaur zombies
  A centaur skeleton (D:7)
  9 orc priests
  11 jellies
  2 iguanas
  Natasha (thrice) (D:2)
  15 orc wizards
  A killer bee zombie (D:7)
  A hound zombie (D:5)
  A hound skeleton (D:5)
  6 gnolls
  7 adders
  2 river rats (D:3)
  2 white imps
  An ufetubus (D:5)
  4 worms (D:3)
  A dart slug (D:5)
  55 orcs
  6 endoplasms
  4 giant cockroaches
  5 hobgoblins
  6 quokkas
  6 ball pythons
  8 bats
  2 frilled lizards (D:3)
  14 goblins
  18 kobolds
  3 rats
557 creatures vanquished.

Vanquished Creatures (others)
  A human (Lair:5)
  3 jellies (Lair:5)
  A bush (Lair:6)
  73 fungi
  66 plants
144 creatures vanquished.

Grand Total: 701 creatures vanquished

Notes
Turn   | Place    | Note
-------+----------+-------------------------------------------
     0 | D:1      | Froggeryz the Octopode Berserker began the quest for the
                  | Orb.
     0 | D:1      | Reached XP level 1. HP: 16/16 MP: 1/1
   379 | D:1      | Reached skill level 1 in Stealth
   493 | D:1      | Reached XP level 2. HP: 21/21 MP: 2/2
   633 | D:1      | Found a faded altar of an unknown god.
  1149 | D:2      | Noticed Natasha
  1158 | D:2      | Killed Natasha
  1159 | D:2      | Reached skill level 2 in Stealth
  1159 | D:2      | Reached XP level 3. HP: 15/26 MP: 3/3
  1182 | D:2      | Noticed Natasha
  1190 | D:2      | Killed Natasha
  1191 | D:2      | Reached XP level 4. HP: 20/31 MP: 4/4
  1302 | D:2      | Reached ** piety under Trog
  1306 | D:2      | Reached skill level 3 in Stealth
  1614 | D:2      | Noticed Natasha
  1621 | D:2      | Killed Natasha
  1954 | D:2      | Reached XP level 5. HP: 36/36 MP: 5/5
  2059 | D:3      | You fall into a shaft and drop 1 floor!
  2059 | D:4      | Found a hide-covered altar of Uskayaw.
  2060 | D:4      | Noticed a +0 hand axe
  2060 | D:4      | Noticed a +0 dagger
  2120 | D:3      | Reached skill level 5 in Short Blades
  2350 | D:3      | Reached skill level 4 in Stealth
  2366 | D:3      | Found a glowing drain.
  2370 | Sewer    | Entered a sewer
  2427 | Sewer    | Noticed a water moccasin
  2435 | Sewer    | Killed a water moccasin
  2436 | Sewer    | Reached XP level 6. HP: 26/42 MP: 6/6
  2631 | D:4      | Identified a scroll of acquirement
  2631 | D:4      | Acquired the ring of Laizaf {rPois AC+4 Dex-2 SInv}
  2705 | D:4      | Reached skill level 5 in Stealth
  2711 | D:4      | Found a sacrificial altar of Ru.
  2804 | D:4      | Found a broken altar of Ashenzari.
  2808 | D:4      | Saw a vision of the Swamp and the Snake Pit.
  2808 | D:4      | Noticed an alligator
  2808 | D:4      | Noticed a vampire mosquito
  2808 | D:4      | Noticed a vampire mosquito
  2808 | D:4      | Noticed a vampire mosquito
  2808 | D:4      | Noticed a vampire mosquito
  2808 | D:4      | Noticed a black mamba
  2808 | D:4      | Noticed a black mamba
  2808 | D:4      | Noticed a naga sharpshooter
  2808 | D:4      | Noticed an anaconda
  2808 | D:4      | Noticed a naga
  2808 | D:4      | Noticed a vampire mosquito
  2809 | D:4      | Noticed a vampire mosquito
  2809 | D:4      | Noticed a black mamba
  2810 | D:4      | Noticed a naga
  2857 | D:4      | Noticed a wyvern
  2864 | D:4      | HP: 1/63 [wyvern (14)]
  2865 | D:4      | Killed a wyvern
  2866 | D:4      | Reached XP level 7. HP: 1/46 MP: 7/7
  3252 | D:3      | Reached *** piety under Trog
  3253 | D:3      | Reached skill level 6 in Stealth
  3784 | D:3      | Found a snail-covered altar of Cheibriados.
  4369 | D:5      | Entered Level 5 of the Dungeon
  4394 | D:5      | Found a sparkling altar of Nemelex Xobeh.
  4491 | D:5      | Found a bloodstained altar of Trog.
  4518 | D:5      | Found a staircase to the Ecumenical Temple.
  4708 | D:5      | Found Nifygokk's Elemental Accessories.
  4741 | D:5      | Reached XP level 8. HP: 52/52 MP: 8/8
  4762 | D:5      | Noticed Blork the orc
  4766 | D:5      | Noticed Sigmund
  4926 | D:5      | Identified the +6 war axe of the Witching Oracle {chaos,
                  | Stlth+}
  4956 | D:5      | Found a basalt altar of Yredelemnul.
  5189 | D:5      | Killed Sigmund
  5245 | D:5      | Reached skill level 5 in Dodging
  5672 | D:6      | Found Eblioh's Weapon Emporium.
  5750 | D:6      | Reached XP level 9. HP: 56/56 MP: 9/9
  6043 | D:6      | Reached skill level 10 in Short Blades
  6060 | D:6      | Reached **** piety under Trog
  6716 | D:7      | Found Saxtes's General Store.
  6719 | D:7      | Bought 3 curare-tipped darts for 23 gold pieces
  6719 | D:7      | Bought a scroll of teleportation for 39 gold pieces
  6745 | D:7      | Found an opulent altar of Gozag.
  6748 | D:7      | Found Gozag's Platinum Reserve.
  6763 | D:7      | Reached skill level 1 in Shields
  7398 | D:7      | Found a stormy altar of Qazlal.
  7647 | D:8      | Found a hazy altar of Hepliaklqana.
  7755 | D:8      | Found a staircase to the Lair.
  7771 | D:8      | Noticed a two-headed ogre
  7774 | D:8      | Noticed a two-headed ogre
  7776 | D:8      | Found a runed translucent door.
  7789 | D:8      | HP: 2/87 [two-headed ogre (16)]
  7792 | D:8      | Killed a two-headed ogre
  7793 | D:8      | Reached skill level 5 in Fighting
  7793 | D:8      | Reached XP level 10. HP: 3/66 MP: 10/10
  8254 | D:8      | Noticed a two-headed ogre
  8264 | D:8      | Killed a two-headed ogre
  8819 | D:8      | Noticed a cyclops
  8819 | D:8      | Noticed a five-headed hydra
  8821 | D:8      | Noticed a manticore
  8821 | D:8      | Noticed a manticore
  8824 | D:8      | Noticed a death knight
  9066 | D:9      | Found a runed translucent door.
  9210 | D:9      | Found a burning altar of Makhleb.
  9210 | D:9      | Noticed a sixfirhy
  9235 | D:9      | Found a radiant altar of Vehumet.
  9262 | D:9      | Found a staircase to the Orcish Mines.
  9275 | D:9      | Noticed a two-headed ogre
  9279 | D:9      | Reached skill level 1 in Evocations
  9297 | D:9      | Killed a two-headed ogre
  9393 | D:9      | Identified the +9 trident "Beast's Funeral" {antimagic,
                  | rPois Str+5 Dex+3}
  9531 | D:9      | Noticed a cyclops
  9541 | D:9      | Killed a cyclops
  9786 | D:9      | Reached XP level 11. HP: 75/75 MP: 11/11
  9802 | D:9      | Reached skill level 5 in Evocations
  9964 | D:9      | Noticed a two-headed ogre
  9996 | D:9      | Killed a two-headed ogre
 10083 | D:10     | Entered Level 10 of the Dungeon
 10177 | D:10     | Found a glowing silver altar of Zin.
 10202 | D:10     | Reached ***** piety under Trog
 11126 | D:8      | Killed a two-headed ogre
 11127 | D:8      | Reached skill level 1 in Throwing
 11237 | D:8      | Killed a death knight
 11323 | D:8      | Killed a five-headed hydra
 11324 | D:8      | Reached skill level 10 in Dodging
 11360 | D:8      | Killed a manticore
 11366 | D:8      | Killed a manticore
 11408 | D:8      | Killed a cyclops
 11567 | D:8      | Identified the +4 long sword "Ceic Neu" {vorpal, Will+}
 11578 | D:8      | Identified the +3 chain mail of Uneoma {Will- Str+4}
 11627 | Lair:1   | Entered Level 1 of the Lair of Beasts
 11766 | Lair:1   | Reached XP level 12. HP: 56/85 MP: 12/12
 11931 | Lair:1   | Found a radiant altar of Vehumet.
 12482 | Lair:2   | Found a staircase to the Snake Pit.
 12593 | Lair:2   | Reached skill level 5 in Throwing
 12720 | Lair:2   | Noticed Erica
 12732 | Lair:2   | Killed Erica
 12953 | Lair:2   | Received a gift from Trog
 13002 | Lair:2   | Reached skill level 10 in Fighting
 14083 | Lair:3   | Reached skill level 7 in Stealth
 14486 | Lair:3   | Reached skill level 8 in Stealth
 14846 | Lair:3   | Found a staircase to the Swamp.
 14898 | Lair:3   | Reached XP level 13. HP: 67/92 MP: 13/13
 14923 | Lair:3   | Reached skill level 9 in Stealth
 15356 | Lair:3   | You fall into a shaft and drop 2 floors!
 15387 | Lair:5   | Reached skill level 10 in Stealth
 15649 | Lair:5   | Noticed Riymurr's ghost (journeyman MfMo)
 15654 | Lair:5   | Noticed Kirke
 15659 | Lair:5   | Noticed a sphinx
 15722 | Lair:5   | Killed Kirke
 15723 | Lair:5   | Reached skill level 11 in Stealth
 16057 | Lair:5   | Found a transporter.
 16059 | Lair:5   | Found a transporter.
 16370 | Lair:5   | Acquired a +4 ring of slaying
 16394 | Lair:5   | Found a staircase to the Slime Pits.
 16947 | Lair:5   | Reached skill level 12 in Stealth
 17540 | Lair:4   | Reached skill level 13 in Stealth
 18319 | Lair:4   | Reached XP level 14. HP: 79/99 MP: 14/14
 18604 | Lair:4   | Reached skill level 14 in Stealth
 18862 | Lair:4   | Reached skill level 5 in Shields
 19311 | Lair:4   | Received a gift from Trog
 19907 | Lair:6   | Entered Level 6 of the Lair of Beasts
 20264 | Lair:6   | Reached skill level 15 in Stealth
 20675 | Lair:6   | Found a large runed translucent door.
 20676 | Lair:6   | Found a large runed translucent door.
 20688 | Lair:6   | Noticed Puepiyp's ghost (journeyman VSTm)
 22385 | Lair:6   | Reached skill level 16 in Stealth
 23625 | Lair:6   | Received a gift from Trog
 23744 | Lair:6   | Reached XP level 15. HP: 93/103 MP: 15/15
 23909 | Lair:6   | Found a corrupted altar of Lugonu.
 23909 | Lair:6   | Found a one-way gate to the infinite horrors of the Abyss.
 24287 | Lair:6   | Reached skill level 10 in Shields
 24728 | Lair:6   | Killed Puepiyp's ghost
 24819 | Lair:5   | Killed Riymurr's ghost
 24934 | Lair:5   | Identified the ring of Faicowodu {Ice +Blink}
 25604 | D:5      | Killed Blork the orc
 25719 | Orc:1    | Entered Level 1 of the Orcish Mines
 26224 | Orc:2    | Entered Level 2 of the Orcish Mines
 26224 | Orc:2    | Found Reaceuw's Magic Scroll Shoppe.
 26247 | Orc:2    | Found Loihuig's Jewellery Boutique.
 26617 | Orc:1    | Mangled by an ogre

Illustrated notes

Levels and vault maps discovered:
D:1:      lemuel_arrival_cross, layout_basic, shapermc_ecumenical_altar_pompeii
D:2:      layout_rooms, uniq_natasha
D:3:      layout_basic, lemuel_coloured_pillars_altar,
          lightli_sewer_entry_pipes, grunt_ministairs_11, minivault_25,
          kennysheep_orc_chapel
D:4:      layout_loops_corners, dancing_weapons_uskayaw,
          grunt_ashenzari_visionary [grunt_ashenzari_visionary_swamp,
          grunt_ashenzari_visionary_snake], mainiacjoe_overflow_alcove_2,
          enter_ossuary_3
D:5:      layout_basic, trog_hazing_becter, mainiacjoe_overflow_paths,
          mainiacjoe_overflow_alcove_1, minmay_temple_entry_from_below_a,
          nicolae_elemental_shop, hellmonk_bongcloud_opening,
          uniq_blork_the_orc, uniq_sigmund
D:6:      layout_basic, serial_shops, shop
D:7:      layout_basic, mainiacjoe_overflow_brackets,
          nicolae_gozag_zags_fifth_avenue, serial_shops, kennysheep_mini,
          grunt_ministairs_3
D:8:      minmay_the_grid_triangle_9x9_rhombus_thin
          [minmay_the_grid_triangle_9x9_semitri,
          minmay_the_grid_triangle_9x9_prize_center,
          minmay_the_grid_triangle_9x9_subtriangle,
          minmay_the_grid_triangle_9x9_dagger], layout_basic,
          nicolae_hepliaklqana_hippocampus, lair_entry_dummy
D:9:      layout_cave_pools, nzn_makhleb_speed_demon,
          mainiacjoe_overflow_alcove_4, david_orc_2,
          kennysheep_opposing_triangles
D:10:     layout_gridville, lemuel_crystal_altar
Lair:1:   layout_chaotic_city, basic_altar
Lair:2:   layout_roguey [special_room_bee], dummy_snake_entry, uniq_erica
Lair:3:   layout_regular_city, minmay_swamp_entry_worms
Lair:4:   nzn_winding_woodlands_small
          [nzn_winding_woodlands_5x15_river_crossing,
          nzn_winding_woodlands_center_garden,
          nzn_winding_woodlands_5x15_parted], layout_loops_ring, st_stairs_7,
          beast_lair_carwin_4
Lair:5:   layout_hall_layers, minmay_slime_entry_jelly_boxes, nzn_ghost_randoct,
          beast_lair_carwin_8, lemuel_fruit_tree, uniq_kirke
Lair:6:   hellmonk_lair_end_abyssal_woods, layout_loops_ring,
          ebering_ghost_disaster_area
Orc:1:    layout_caves, nicolae_orc_lava_room
Orc:2:    st_orc_open, layout_caves, serial_shops, nicolae_square_shop

Skill      XL: |  1  2  3  4  5  6  7  8  9 10 11 12 13 14 15 |
---------------+----------------------------------------------+-----
Stealth        | 1 2 3 4 5 6 8 13 16 | 16.2
Short Blades   | 4 5 6 7 9 10 | 10.1
Dodging        | 5 7 9 10 12 13 14 | 14.0
Shields        | 4 9 11 | 11.5
Fighting       | 5 7 9 10 | 10.2
Evocations     | 4 6 |  6.2
Throwing       | 4 6 |  6.4

Action                   |  1- 3 |  4- 6 |  7- 9 | 10-12 | 13-15 || total
-------------------------+-------+-------+-------+-------+-------++-------
Melee: Short sword       |    44 |    97 |   236 |       |   273 ||   650
       Constrict         |    14 |    21 |    34 |    87 |    89 ||   245
       Tentacles         |     9 |    19 |    59 |   217 |   460 ||   764
       Dagger            |       |       |    16 |   807 |  1165 ||  1988
Invok: Trog's Hand       |       |     1 |     5 |     3 |     4 ||    13
       Berserk           |       |     1 |    10 |    12 |    18 ||    41
Evoke: Wand              |       |       |       |     5 |     3 ||     8
  Use: Scroll            |       |     8 |     4 |     2 |    13 ||    27
 Stab: Sleeping          |     3 |    14 |    15 |     9 |    12 ||    53
       Distracted        |       |       |     1 |     3 |     4 ||     8
       Paralysed         |       |       |       |     3 |       ||     3
Armor: Skin              |     2 |     6 |    59 |    75 |   116 ||   258
Dodge: Dodged            |    17 |    47 |   154 |   421 |   928 ||  1567
Block: Buckler           |       |       |     5 |   116 |   277 ||   398
